 Dungeon Crawl Stone Soup version 0.13.1-22-g086cdba (webtiles) character file.

91 Kae the Ruffian (level 2, 0/23 HPs)
             Began as a Draconian Transmuter on Jan 1, 2014.
             Killed from afar by a kobold (4 damage)
             ... with a wand of flame
             ... on Level 2 of the Dungeon.
             The game lasted 00:01:11 (1000 turns).

Kae the Ruffian (Draconian Transmuter)              Turns: 1000, Time: 00:01:11

HP   0/23        AC  4     Str 12      XL: 2   Next: 89%
MP   2/3         EV 12     Int 13      God:
Gold 65          SH  0     Dex 11      Spells:  1 memorised,  4 levels left

Res.Fire  : . . .   See Invis. : .     - Unarmed
Res.Cold  : . . .   Warding    : .   (armour unavailable)
Life Prot.: . . .   Conserve   : .   (no shield)
Res.Poison: .       Res.Corr.  : .   (helmet restricted)
Res.Elec. : .       Clarity    : .   (no cloak)
Sust.Abil.: . .     Spirit.Shd : .   (no gloves)
Res.Mut.  : .       Stasis     : .   (boots unavailable)
Res.Rott. : .       Flight     : .   (no amulet)
Saprovore : . . .                    (no ring)
                                     (no ring)

@: appendage, constricted, not resistant to hostile enchantments, unstealthy
A: unfitting armour, talons 3, AC +4
a: End Transformation


You were on level 2 of the Dungeon.
You were not hungry.
You had grown temporary talons.
You visited 1 branch of the dungeon, and saw 2 of its levels.

You collected 45 gold pieces.

Inventory:

Missiles
 b - 12 arrows
Magical devices
 g - a wand of random effects (7) {unknown}
Comestibles
 a - a bread ration
 k - 2 apples
 l - 2 apricots
 m - a pear
 p - a lychee
Scrolls
 n - a scroll of enchant weapon I {unknown}
 o - a scroll of amnesia {unknown}
 q - a scroll of teleportation {unknown}
 s - a scroll of magic mapping {unknown}
Jewellery
 c - an uncursed ring of protection from magic {unknown}
 h - an uncursed amulet of inaccuracy {unknown}
Potions
 e - a potion of agility {unknown}
 f - a potion of paralysis {unknown}
 i - a potion of heal wounds {unknown}
 j - a potion of curing {unknown}
 r - a potion of speed {unknown}
Books
 d - a book of Changes

   Spells                             Type                      Level
   *Beastly Appendage                 Transmutation                1
   Sticks to Snakes                   Transmutation                2
   Spider Form                        Transmutation/Poison         3
   Ice Form                           Ice/Transmutation            4
   Blade Hands                        Transmutation                5


   Skills:
 - Level 1.1 Fighting
 - Level 1.7 Dodging
 + Level 4.1 Unarmed Combat
 - Level 2.0 Spellcasting
 - Level 2.0 Transmutations


You had 4 spell levels left.
You knew the following spells:

 Your Spells              Type           Power        Failure   Level  Hunger
a - Beastly Appendage     Trmt           #.....       12%         1    ##.....


Dungeon Overview and Level Annotations

Branches:
Dungeon (2/27)

Altars:
Fedhas
Vehumet


Innate Abilities, Weirdness & Mutations

Your plain brown scales are hard (AC +4).
Your body does not fit into most forms of armour.
Your cold-blooded metabolism reacts poorly to cold.
You have claws for feet.


Message History

The ball python bites you but does no damage.
The ball python grabs you. The ball python constricts you.
The kobold zaps a wand.
The puff of flame hits you!
Found a radiant altar of Vehumet.
You closely miss the ball python. The ball python barely misses you.
The ball python constricts you.
The kobold zaps a wand.
The puff of flame hits you!
* * * LOW HITPOINT WARNING * * *
You are too injured to fight recklessly!
You are too injured to fight recklessly!
You are too injured to fight recklessly!
You are too injured to fight recklessly!
You are too injured to fight recklessly!
You are too injured to fight recklessly!
You are too injured to fight recklessly!
Your attempt to break free from the ball python fails, but you feel that another attempt might succeed.
The ball python bites you but does no damage.
The ball python constricts you.
The kobold zaps a wand.
The puff of flame hits you!
You die...

####+## ######## #.....#
#......# . #.....#
#......# _K#.#.=...#
#......#
....#.....#######......#
......%.##...........#
#..S..+..####......#
+..@>.# #...<..# #.....#
###.#### #####'### #...#
#.[...# ###.# #.#####
#.# ####+## ##'#########
#######'##
#.....####..........#
#.........
#.....##<').........#
#.........
##...[.##.#..........#
#(........


You could see a ball python and a kobold.

Vanquished Creatures
  A worm (D:2)
  5 bats
  A hobgoblin (D:2)
  A quokka (D:2)
  A giant gecko (D:1)
  7 goblins
  2 kobolds
  3 rats
21 creatures vanquished.

Notes
Turn   | Place    | Note
--------------------------------------------------------------
     0 | D:1      | Kae, the Draconian Transmuter, began the quest for the Orb.
     0 | D:1      | Reached XP level 1. HP: 16/16 MP: 1/1
   476 | D:1      | Reached XP level 2. HP: 23/23 MP: 3/3
   766 | D:2      | Found a blossoming altar of Fedhas.
   772 | D:2      | Reached skill level 4 in Unarmed Combat
   998 | D:2      | Found a radiant altar of Vehumet.
  1000 | D:2      | Killed from afar by a kobold

Action                   || total
-------------------------++-------
Melee: Unarmed           ||    83
 Cast: Beastly Appendage ||     2
